 Dungeon Crawl Stone Soup version 0.31-a0-640-g39d97e502b (webtiles) character file.

Game seed: 15342797328804351035

125 Dirtsage the Changeling (level 5, -4/33 HPs)
             Began as an Octopode Shapeshifter on Aug 29, 2023.
             Splashed by a jelly's acid (5 damage)
             ... on level 3 of the Dungeon.
             The game lasted 00:04:11 (1869 turns).

Dirtsage the Changeling (Octopode Shapeshifter)     Turns: 1869, Time: 00:04:12

Health: -4/33      AC: -11   Str: 13    XL:     5   Next: 9%
Magic:  5/5        EV: 13    Int: 15    God:
Gold:   168        SH:  0    Dex: 17    Spells: 1/4 levels left

rFire   . .          .
                       - Unarmed
rCold   . . .        (no shield)
rNeg    . . .        (helmet currently unavailable)
rPois   .            (no amulet)
rElec   .            W - ring of wizardry
rCorr   .            p - +6 ring of dexterity
SInv    .            (no ring)
Will    .....        (no ring)
Stlth   +++          (no ring)
HPRegen 0.25/turn    (no ring)
MPRegen 0.09/turn    (no ring)
                     (no ring)

%: wizardry (x1)
@: beast-form, corroded
A: beast (slay +2), almost no armour, amphibious, 8 rings, camouflage 1,
gelatinous body 1, (nimble swimmer 1), tentacles
a: Begin Untransformation


You were on level 3 of the Dungeon.
You were a hulking beast.
You visited 1 branch of the dungeon, and saw 3 of its levels.

You collected 168 gold pieces.

Inventory:

Missiles
 n - 4 throwing nets
Jewellery
 p - a +6 ring of dexterity (right tentacle)
 W - a ring of wizardry (left tentacle)
Talismans
 b - a beast talisman (active)
 c - a flux talisman
Scrolls
 d - 4 scrolls of teleportation {unknown}
 f - a scroll of fog {unknown}
 h - 7 scrolls of identify {unknown}
 m - 2 scrolls of brand weapon {unknown}
 q - a scroll of acquirement {unknown}
Potions
 a - a potion of lignification
 e - 4 potions of curing {unknown}
 g - 2 potions of brilliance {unknown}
 i - a potion of invisibility {unknown}
 j - 2 potions of heal wounds {unknown}
 k - 3 potions of degeneration {unknown}
 l - a potion of magic {unknown}
 o - a potion of attraction {unknown}


   Skills:
 - Level 1.0 Fighting
 - Level 2.0 Dodging
 + Level 4.0 Unarmed Combat
 + Level 0.0 Ice Magic
 * Level 4.6 Shapeshifting


You had one spell level left.
You knew the following spells:

 Your Spells              Type           Power      Damage    Failure   Level
b - Frozen Ramparts       Ice            0%         1d1       32%         3

Your spell library contained the following spells:

 Spells                   Type           Power      Damage    Failure   Level
 Freeze                   Ice            0%         1d3       11%         1
 Sting                    Tmut/Pois      0%         1d3       11%         1
 Poisonous Vapours        Pois/Air       0%         N/A       16%         2
 Dazzling Flash           Conj/Hex       0%         N/A       32%         3
 Hailstorm                Conj/Ice       0%         3d3       32%         3
 Volatile Blastmotes      Fire/Tloc      0%         2d10      32%         3
 Olgreb's Toxic Radiance  Pois           0%         N/A       69%         4
 Petrify                  Tmut/Erth      0%         N/A       69%         4
 Metabolic Englaciation   Hex/Ice        0%         N/A       95%         5
 Starburst                Conj/Fire      0%         6d3       100%        6
 Maxwell's Capacitive Co  Air            0%         ∞         100%        8


Dungeon Overview and Level Annotations

Branches:
Dungeon (3/15)

Altars:
Vehumet

Shops:
D:3 !


Innate Abilities, Weirdness & Mutations

You are a hulking beast.
Your limbs bulge with bestial killing power. (Slay +2)
You cannot wear most types of armour.
You are amphibious.
You can wear up to eight rings at the same time.
Your skin changes colour to match your surroundings (Stealth+).
Your rubbery body absorbs attacks. (AC +1, EV +1)
((You are camouflaged when in or above water. (Stealth+)))
You have tentacles for arms and can constrict up to eight enemies at once.


Message History

Found a stone staircase leading down.
Health restored: 33 You see here a +0 dagger.
You open the door.
There is an open door here.
You now have 168 gold pieces (gained 9).
There is an open door here.
You open the door.
There is an open door here.
n - 4 throwing nets (gained 2)
p - a +6 ring of dexterity
d - 4 scrolls labelled VAMNUH EFAVU (gained 1)
There is an open door here.
q - a scroll labelled VAOZXE GARCHONEUS You feel agile.
p - a +6 ring of dexterity (right tentacle)
You enter the deep water.
A jelly comes into view.
The jelly quivers.
The jelly hits you. The acid corrodes you!
You are splashed with acid!
You take 9 damage, and have 24/33 hp.
MASSIVE DAMAGE!!
You tentacle-slap the jelly.
Your tentacles burn!
The jelly is lightly wounded.
The jelly misses you.
You take 4 damage, and have 20/33 hp.
You are too injured to fight recklessly!
You are too injured to fight recklessly!
You tentacle-slap the jelly.
Your tentacles burn!
The jelly is moderately wounded.
The jelly barely misses you.
You take 4 damage, and have 16/33 hp.
You tentacle-slap the jelly. The acid corrodes you!
Your tentacles burn!
You squeeze the jelly.
The jelly is almost dead.
The jelly hits you. The acid corrodes you!
You are splashed with acid!
* * * LOW HITPOINT WARNING * * *
You take 15 damage, and have 1/33 hp.
MASSIVE DAMAGE!!
You tentacle-slap the jelly but do no damage.
Your tentacles burn!
You die...

##.. #... #... #...
#... #### #.#. #....
#.## #J###.#### #.##
#h#...†..######.##
###.#.#.##...†......
#......!###.#####.#.
#.#########.# #.#.
##.........## .#..
#.≈≈≈≈≈≈≈.# #.#.
#≈..≈≈≈..≈# #.##
#≈.≈...≈.≈# # #
#≈.≈._.≈.≈# #


You could see a jelly.

Vanquished Creatures
  A sleepcap (D:3)
  2 adders
  2 worms
  2 dart slugs
  4 orcs (D:3)
  5 ball pythons
  10 bats
  6 endoplasms
  A giant cockroach (D:1)
  6 goblins
  3 hobgoblins
  4 jackals (D:3)
  5 kobolds
  4 quokkas
  3 frilled lizards
  4 rats
62 creatures vanquished.

Notes
Turn   | Place    | Note
-------+----------+-------------------------------------------
     0 | D:1      | Dirtsage the Octopode Shapeshifter began the quest for the
                  | Orb.
     0 | D:1      | Reached XP level 1. HP: 13/13 MP: 1/1
    82 | D:1      | Reached XP level 2. HP: 18/18 MP: 2/2
   691 | D:2      | Reached XP level 3. HP: 23/23 MP: 3/3
  1184 | D:3      | Reached XP level 4. HP: 10/28 MP: 4/4
  1410 | D:3      | Found Dabixawk's Distillery.
  1563 | D:3      | Found a radiant altar of Vehumet.
  1662 | D:3      | Reached XP level 5. HP: 24/33 MP: 5/5
  1753 | D:3      | Learned a level 3 spell: Frozen Ramparts
  1868 | D:3      | HP: 1/33 [acid (10)]
  1869 | D:3      | Splashed by a jelly's acid

Illustrated notes

Levels and vault maps discovered:
D:1:      grunt_arrival_crossed_arrows, layout_loops_ring
D:2:      layout_rooms, minmay_bisected
D:3:      layout_loops_ring, mainiacjoe_overflow_paths, serial_shops,
          nicolae_shop_crystal, minmay_fractal_squares_diagonal_5

Skill      XL: |  1  2  3  4 |
---------------+-------------+-----
Shapeshifting  | 4 |  4.6
Unarmed Combat | 4 |  4.0
Fighting       | |  1.0
Dodging        | |  2.0

Action                     |  1- 3 |  4- 6 || total
---------------------------+-------+-------++-------
  Melee: Unarmed           |    50 |    71 ||   121
         Constrict         |    17 |    13 ||    30
         Tentacles         |    13 |     9 ||    22
         Punch             |       |     1 ||     1
   Stab: Sleeping          |    10 |     1 ||    11
 Armour: Skin              |     8 |     6 ||    14
  Dodge: Dodged            |    20 |    44 ||    64

Table legend: (Time is in decaauts)
 A = Elapsed time spent in this place.
 B = Non-inter-level travel time spent in this place.
 C = Inter-level travel time spent in this place.
 D = Time resting spent in this place.
 E = Time spent auto-exploring this place.
 F = Levels seen in this place.
 G = Mean time per level.
                   A        B        C        D        E       F      G
               +--------+--------+--------+--------+--------+-----+--------+
         Total |   1859 |   1834 |     25 |     77 |   1403 |   3 |  619.7 |
       Dungeon |   1859 |   1834 |     25 |     77 |   1403 |   3 |  619.7 |
               +--------+--------+--------+--------+--------+-----+--------+

Top non-repeatable levels by time:
     D:3: 735 daAuts
     D:1: 642 daAuts
     D:2: 481 daAuts
